 Dungeon Crawl Stone Soup version 0.32-a0-868-g153ae1a8d6 (webtiles) character file.

Game seed: 1396114096186607572

47 Xavori the Trooper (level 3, -4/30 HPs)
             Began as a Djinni Chaos Knight on Mar 28, 2024.
             Was a Plaything of Xom.
             Slain by a gnoll
             ... wielding a +0 halberd
              (6 damage)
             ... on level 1 of the Dungeon.
             The game lasted 00:00:41 (968 turns).

Xavori the Trooper (Djinni Chaos Knight)             Turns: 968, Time: 00:00:42

Health: -4/30      AC:  5    Str: 11    XL:     3   Next: 97%
Gold:   11         EV: 11    Int: 13    God:    Xom [.*....] SH:  0 Dex: 14

rFire   + + .        a - +0 falchion (chaos)
rCold   x . .        (no shield)
rNeg    . . .        b - +2 leather armour
rPois   ∞            (no helmet)
rElec   .            (no cloak)
rCorr   .            (no gloves)
SInv    .            (boots unavailable)
Will    .....        (no amulet)
Stlth   +            (no ring)
HPRegen 0.25/turn    (no ring)
MPRegen 0.00/turn

%: infuse magic (-5 HP)
@: flying
A: sickness immunity, fire resistance 2, cold vulnerability 1, float, innate
caster, HP casting, extra vitality 1
a: Renounce Religion


You were on level 1 of the Dungeon.
You worshipped Xom.
You were a plaything of Xom.
You visited 1 branch of the dungeon, and saw 2 of its levels.

You collected 11 gold pieces.

Inventory:

Hand Weapons
 a - a +0 falchion of chaos (weapon)
Armour
 b - a +2 leather armour (worn)
Scrolls
 c - a scroll of butterflies
 e - 2 scrolls of identify {unknown}
Potions
 d - 2 potions of might {unknown}
 f - a potion of brilliance {unknown}
 g - a potion of magic {unknown}


   Skills:
 + Level 3.2 Fighting
 + Level 3.0 Long Blades
 + Level 1.5 Armour
 + Level 2.6 Dodging
 * Level 1.2 Spellcasting
 * Level 1.2 Conjurations
 * Level 1.2 Hexes
   Level 0.0 Charms
 * Level 1.2 Summonings
 * Level 1.2 Necromancy
 * Level 1.2 Translocations
   Level 0.0 Transmutations
 * Level 1.2 Fire Magic
 * Level 1.2 Ice Magic
 * Level 1.2 Air Magic
 * Level 1.2 Earth Magic
 * Level 1.2 Alchemy


You knew the following spells:

 Your Spells              Type           Power      Damage    Failure   Level
a - Shock                 Conj/Air       16%        1d4       22%         1
Your spell library was empty.

Dungeon Overview and Level Annotations

Branches:
Dungeon (2/15)

Altars:


Innate Abilities, Weirdness & Mutations

You are immune to sickness and miasma.
You are immune to poison.
Your flesh is very heat resistant. (rF++)
You are vulnerable to cold. (rC-)
You float through the air rather than walking.
You learn spells naturally, not from books.
Your magical power is your life essence.
You have superior vitality. (+4 MHP)


Message History

You hit the gnoll but do no damage.
The gnoll is lightly wounded.
The gnoll closely misses you.
Your ball python zombie bites the gnoll.
Your ball python zombie constricts the gnoll.
Unknown command.
You slash the gnoll!
You feel better.
You kill the gnoll!
Your Long Blades skill increases to level 3!
No target in view!
No target in view!
You fly downwards.
Your mindless puppet stays behind to rot.
The gnoll barely misses you. The gnoll closely misses you.
A hobgoblin comes into view.
There is a stone staircase leading up here.
Unknown command.
Unknown command.
Unknown command.
The gnoll hits you from afar with a +0 spear.
There is a stone staircase leading up here.
Xom's power flows through you! A chill wind blows around you.
The adder hisses angrily.
You are now a plaything of Xom.
The gnoll hits you with a +0 halberd!
The gnoll hits you from afar with a +0 spear.
* * * LOW HITPOINT WARNING * * *
You fly upwards.
Your ball python zombie barely misses the gnoll.
Your ball python zombie closely misses the gnoll.
There is a stone staircase leading down here.
You hit the gnoll. You freeze the gnoll.
The gnoll is heavily wounded.
The gnoll hits you with a +0 halberd!
* * * LOW HITPOINT WARNING * * *
Your ball python zombie bites the gnoll.
Your ball python zombie closely misses the gnoll.
The gnoll hits you with a +0 halberd.
You die...

#.#)....#.# #.###.###.#
#.........# #.........#
#####.##### #####.#####
#.# #.# # #.# #.# # ##'##
#.## # ##...##
####..##### # ##.....##
#.†g......# ###.......##
#.@Z......#
##........)####.........#
.'.......÷.'............#
##.........####[........#
###.......## #.........#
...#.....## #.........#
##.##...## #.........#
##.###+## #.........#
##.# #.# ####.######


You could see a gnoll (ally target) and a friendly ball python zombie.

Vanquished Creatures
  A gnoll (D:1)
  An adder (D:1)
  A dart slug (D:1)
  2 endoplasms (D:1)
  A giant cockroach (D:1)
  3 goblins (D:1)
  2 hobgoblins (D:1)
  2 kobolds (D:1)
  A quokka (D:1)
  3 ball pythons (D:1)
  3 bats (D:1)
  2 frilled lizards (D:1)
  3 rats (D:1)
25 creatures vanquished.

Vanquished Creatures (collateral kills)
  A hobgoblin (D:1)
  A quokka (D:1)
2 creatures vanquished.

Grand Total: 27 creatures vanquished

Notes
Turn   | Place    | Note
-------+----------+-------------------------------------------
     0 | D:1      | Xavori the Djinni Chaos Knight began the quest for the Orb.
     0 | D:1      | Reached XP level 1. HP: 20/20 MP: 0/0
    96 | D:1      | Reached XP level 2. HP: 25/25 MP: 0/0
   327 | D:1      | XOM: silly message
   395 | D:1      | Reached XP level 3. HP: 30/30 MP: 0/0
   395 | D:1      | Learned a level 1 spell: Shock
   432 | D:1      | Reached skill level 1 in Spellcasting
   432 | D:1      | Reached skill level 1 in Conjurations
   432 | D:1      | Reached skill level 1 in Hexes
   432 | D:1      | Reached skill level 1 in Summonings
   432 | D:1      | Reached skill level 1 in Necromancy
   432 | D:1      | Reached skill level 1 in Translocations
   432 | D:1      | Reached skill level 1 in Fire Magic
   432 | D:1      | Reached skill level 1 in Ice Magic
   432 | D:1      | Reached skill level 1 in Air Magic
   432 | D:1      | Reached skill level 1 in Earth Magic
   432 | D:1      | Reached skill level 1 in Alchemy
   927 | D:2      | XOM: noise
   966 | D:2      | XOM: cast spell 'Summon Ice Beast'
   968 | D:1      | Slain by a gnoll

Illustrated notes

Levels and vault maps discovered:
D:1:      dpeg_arrival_radiant, layout_loops_corners
D:2:      layout_basic, basic_altar, corexii_leaking_fountain

Skill      XL: |  1  2  3 |
---------------+----------+-----
Spellcasting   | 1 |  1.2
Conjurations   | 1 |  1.2
Hexes          | 1 |  1.2
Summonings     | 1 |  1.2
Necromancy     | 1 |  1.2
Translocations | 1 |  1.2
Fire Magic     | 1 |  1.2
Ice Magic      | 1 |  1.2
Air Magic      | 1 |  1.2
Earth Magic    | 1 |  1.2
Alchemy        | 1 |  1.2
Long Blades    | 3 |  3.0
Fighting       | |  3.2
Armour         | |  1.5
Dodging        | |  2.6

Action                     || total
---------------------------++-------
  Melee: Falchion          ||    58
 Armour: Leather armour    ||    41
  Dodge: Dodged            ||    40

Table legend: (Time is in decaauts)
 A = Elapsed time spent in this place.
 B = Non-inter-level travel time spent in this place.
 C = Inter-level travel time spent in this place.
 D = Time resting spent in this place.
 E = Time spent auto-exploring this place.
 F = Levels seen in this place.
 G = Mean time per level.
                   A        B        C        D        E       F      G
               +--------+--------+--------+--------+--------+-----+--------+
         Total |    979 |    925 |     54 |     19 |    745 |   2 |  489.5 |
       Dungeon |    979 |    925 |     54 |     19 |    745 |   2 |  489.5 |
               +--------+--------+--------+--------+--------+-----+--------+

Top non-repeatable levels by time:
     D:1: 966 daAuts
     D:2: 12 daAuts
